 Dungeon Crawl Stone Soup version 0.28.0-45-g0d030f2227 (webtiles) character file.

Game seed: 1018624650066495822

442 H0rd4k the Magician (level 6, -1/33 HPs)
             Began as a Deep Elf Hedge Wizard on Mar 31, 2022.
             Slain by Grinder (6 damage)
             ... in a sewer.
             The game lasted 00:05:29 (4677 turns).

H0rd4k the Magician (Deep Elf Hedge Wizard)         Turns: 4677, Time: 00:05:30

Health: -1/33      AC:  2    Str:  7    XL:     6   Next: 71%
Magic:  13/18      EV: 12    Int: 21    God:
Gold:   244        SH:  0    Dex: 14    Spells: 11/20 levels left

rFire   + . .      SeeInvis .   e - +2 short sword (venom)
rCold   x . .      Faith    .   (no shield)
rNeg    . . .      Spirit   .   b - +0 robe
rPois   .          Reflect  .   c - +0 hat
rElec   .          Harm     .   (no cloak)
rCorr   .          Rampage  .   (no gloves)
Will    .....                   (no boots)
Stlth   ++........              f - amulet of magic regeneration
HPRegen 0.11/turn               l - ring of fire
MPRegen 0.56/turn               (no ring)

@: no status effects
A: no striking features
a: no special abilities


You were in a sewer.
You visited 1 branch of the dungeon, and saw 5 of its levels.
You also visited: Sewer.

You collected 244 gold pieces.

Inventory:

Hand Weapons
 e - a +2 short sword of venom (weapon)
Armour
 b - a +0 robe (worn)
 c - a +0 hat (worn)
Jewellery
 f - an amulet of magic regeneration (around neck)
 l - a ring of fire (left hand)
 p - a ring of willpower
 u - a ring of protection from cold
Wands
 v - a wand of polymorph (8)
 x - a wand of iceblast (8)
Scrolls
 a - 2 scrolls of enchant weapon {unknown}
 d - a scroll of blinking {unknown}
 i - 2 scrolls of amnesia {unknown}
 j - 3 scrolls of teleportation {unknown}
 k - a scroll of identify {unknown}
 m - a scroll of silence {unknown}
 o - a scroll of summoning {unknown}
 q - a scroll of enchant armour {unknown}
 r - a scroll of brand weapon {unknown}
 s - a scroll of torment {unknown}
 w - a scroll of immolation {unknown}
 y - a scroll of magic mapping {unknown}
 z - a scroll of fear {unknown}
Potions
 g - 2 potions of brilliance {unknown}
 h - a potion of haste {unknown}
 n - a potion of degeneration {unknown}
 t - 2 potions of curing {unknown}


   Skills:
 + Level 0.3 Fighting
 + Level 2.7 Dodging
 - Level 2.4 Stealth
 + Level 7.9 Spellcasting
 + Level 3.7 Conjurations
 + Level 1.1 Summonings
 + Level 1.2 Translocations
 + Level 1.0 Fire Magic
 + Level 1.1 Air Magic
 * Level 2.4 Poison Magic


You had 11 spell levels left.
You knew the following spells:

 Your Spells              Type           Power      Damage    Failure   Level
a - Magic Dart            Conj           96%        1d7       1%          1
b - Blink                 Tloc           26%        N/A       7%          2
c - Conjure Flame         Conj/Fire      27%        6-21      9%          3
d - Mephitic Cloud        Conj/Pois/Air  18%        N/A       9%          3

Your spell library contained the following spells:

 Spells                   Type           Power      Damage    Failure   Level
 Call Imp                 Summ           12%        N/A       8%          2
 Slow                     Hex            32%        N/A       9%          1


Dungeon Overview and Level Annotations

Branches:
Dungeon (5/15)              Sewer (1/1)
 Temple: D:4-7

Altars:
Ashenzari
Makhleb
Okawaru
Qazlal
Zin

Annotations:
D:4 1 runed translucent door, exclusion: door, Blork the orc; Faeu's ghost, amateur MiFi Sewer Grinder


Message History

The magic dart hits Grinder.
Grinder is heavily wounded.
Grinder gestures at you. You resist with some effort.
The magic dart hits Grinder but does no damage.
Grinder is heavily wounded.
Grinder blinks!
The magic dart hits Grinder.
Grinder is severely wounded.
The magic dart hits Grinder!
Grinder is severely wounded.
Grinder blinks!
The magic dart hits Grinder but does no damage.
Grinder is severely wounded.
Grinder gestures at you. You resist with some effort.
The magic dart hits Grinder but does no damage.
Grinder is severely wounded.
The magic dart hits Grinder.
Grinder is almost dead.
Grinder gestures at you.
You suddenly lose the ability to move!
Grinder gestures at you. You resist with some effort. Grinder hits you.
You writhe in agony.
Grinder says, "Tell me all your secrets, or I'll kill you."
Grinder hits you.
* * * LOW HITPOINT WARNING * * *
You writhe in agony.
* * * LOW HITPOINT WARNING * * *
You can move again.
Casting: Magic Dart (safe; 1% risk of failure)
Confirm with . or Enter, or press ? or * to list all spells.
Aiming: Magic Dart (safe; 1% risk of failure)
Press: ? - help, Shift-Dir - straight line, f/p - Grinder
Aim: Grinder (almost dead, 100% to hit)
The magic dart hits Grinder but does no damage.
Grinder is almost dead.
Grinder hits you.
You die...

#.≈≈# #)≈≈# #..≈#
#.≈≈#
#.≈≈#################
#..≈≈≈≈≈≈≈≈≈≈≈≈#.≈≈≈≈
#.≈≈≈≈≈≈≈≈≈≈≈≈≈≈≈≈≈≈≈
#...........5..# .≈≈≈
##≈##########@## ≈≈≈≈
#≈≈≈#≈≈≈≈≈ #...#≈≈≈≈≈
#≈≈≈#≈≈≈≈≈≈#.).#≈≈≈≈≈
#≈≈≈#≈≈≈≈≈≈#...≈≈≈≈≈≈
#≈≈≈#≈≈≈≈≈≈≈.).#≈≈≈≈≈
#≈≈≈#≈≈≈≈≈≈#...#≈≈≈≈≈
#≈≈≈#≈≈≈≈≈≈≈...≈≈≈≈≈≈
#≈≈≈#≈≈≈≈≈≈≈...#≈≈≈≈≈≈
≈≈≈≈≈≈#...#≈≈≈≈≈≈


You could see Grinder.

Vanquished Creatures
  A kobold brigand (Sewer)
  A centaur skeleton (D:4)
  3 hounds (D:4)
  A jelly (D:4)
  An iguana (D:4)
  2 adders
  4 gnolls (D:4)
  A river rat (D:5)
  2 shadow imps (Sewer)
  3 ufetubi (Sewer)
  An adder zombie (Sewer)
  2 adder skeletons (D:4)
  A worm (D:3)
  8 orcs
  6 bats
  7 endoplasms
  3 giant cockroaches
  6 goblins
  5 hobgoblins
  6 quokkas
  A ball python (D:1)
  5 frilled lizards
  16 kobolds
  A kobold zombie (Sewer)
  3 rats
90 creatures vanquished.

Vanquished Creatures (others)
  3 fungi (D:3)
  4 toadstools (D:3)
  2 withered plants (D:4)
9 creatures vanquished.

Grand Total: 99 creatures vanquished

Notes
Turn   | Place    | Note
-------+----------+-------------------------------------------
     0 | D:1      | H0rd4k the Deep Elf Hedge Wizard began the quest for the
                  | Orb.
     0 | D:1      | Reached XP level 1. HP: 10/10 MP: 7/7
   208 | D:1      | Reached skill level 5 in Spellcasting
   464 | D:1      | Reached XP level 2. HP: 15/15 MP: 5/10
  1466 | D:2      | Reached XP level 3. HP: 19/19 MP: 9/12
  1469 | D:2      | Learned a level 2 spell: Blink
  1473 | D:2      | Learned a level 3 spell: Conjure Flame
  1477 | D:2      | Learned a level 3 spell: Mephitic Cloud
  1479 | D:2      | Found a faded altar of an unknown god.
  2133 | D:3      | Reached skill level 6 in Spellcasting
  2274 | D:3      | Found a glowing silver altar of Zin.
  2309 | D:3      | Found a stormy altar of Qazlal.
  2654 | D:3      | Reached XP level 4. HP: 24/24 MP: 12/14
  2799 | D:3      | Found a burning altar of Makhleb.
  2902 | D:4      | Noticed Blork the orc
  3056 | D:4      | Reached skill level 1 in Fire Magic
  3056 | D:4      | Reached skill level 1 in Air Magic
  3207 | D:4      | Found a runed translucent door.
  3209 | D:4      | Noticed Faeu's ghost (amateur MiFi)
  3226 | D:4      | Reached skill level 1 in Poison Magic
  3391 | D:4      | Reached XP level 5. HP: 28/28 MP: 14/16
  3506 | D:4      | Found an iron altar of Okawaru.
  3513 | D:4      | Reached skill level 7 in Spellcasting
  3824 | D:4      | Reached XP level 6. HP: 31/32 MP: 12/18
  4295 | D:5      | Entered Level 5 of the Dungeon
  4374 | D:5      | Found a broken altar of Ashenzari.
  4425 | D:5      | Found a glowing drain.
  4429 | Sewer    | Entered a sewer
  4647 | Sewer    | Noticed Grinder
  4673 | Sewer    | Paralysed by Grinder for 4 turns
  4677 | Sewer    | Slain by Grinder

Illustrated notes

Levels and vault maps discovered:
D:1:      dpeg_arrival_arbitrary_a, layout_basic
D:2:      layout_basic, hellmonk_ecumenical_altar_prayer_group
D:3:      layout_rooms, nicolae_overflow_hidden_temple, lemuel_round_altar,
          nicolae_qazlal_general_emergency, st_stairs_8,
          minmay_gold_behind_fungi, minmay_diced_spiral
D:4:      layout_gridville, okawaru_metal_pillars_3, gammafunk_ghost_grave,
          uniq_blork_the_orc
D:5:      layout_basic, evilmike_ruin_ashenzari, elyvilon_altar_1,
          minmay_temple_entry_from_below_a, gup_sewer_entry_spiral
Sewer:    kennysheep_sewer_church

Skill      XL: |  1  2  3  4  5 |
---------------+----------------+-----
Spellcasting   | 5 6 7 |  7.9
Conjurations   | 2 3 |  3.7
Fire Magic     | 1 |  1.0
Air Magic      | 1 |  1.1
Poison Magic   | 1 2 |  2.4
Fighting       | |  0.3
Dodging        | |  2.7
Stealth        | |  2.4
Summonings     | |  1.1
Translocations | |  1.2

Action                   |  1- 3 |  4- 6 || total
-------------------------+-------+-------++-------
Melee: Short sword       |       |     1 ||     1
 Cast: Magic Dart        |   115 |   187 ||   302
       Conjure Flame     |       |     3 ||     3
       Blink             |       |     4 ||     4
       Mephitic Cloud    |       |     2 ||     2
Armor: Robe              |     1 |     5 ||     6
Dodge: Dodged            |    11 |    26 ||    37
